AoeStats
← konron4880

Arena

511000568Analyzed
2v2 RM · 12h ago on Oct 3, 2026· 53m 53s· 4 players
Game mode
Random Map
Map size
Medium (4 player)
Population
200
Speed
Normal
Resources
Standard
Victory
Conquest
Starting age
Dark Age
Ending age
Imperial Age
RankedLock teamsTeams togetherTeam positionsShared explorationLock speedFull tech treeHidden civsTurbo modeCheats
Victory
Defeat
🇬🇧 Teutons · United Kingdom
1150
+16
🇭🇰 Vietnamese · Hong Kong SAR China
1109
+18
🇧🇷 Huns · Brazil
1174
-18
🇧🇷 Cumans · Brazil
1136
-16
konron4880
8:09 Loom
10:43 Feudal Age
15:20 Castle Age
13:58 Horse Collar
16:40 Town Watch
19:01 Wheelbarrow
19:02 Squires
19:36 Pikeman
20:52 Double-Bit Axe
24:46 Heavy Plow
25:08 Bow Saw
25:05 Arson
25:39 Scale Mail Armor
27:01 Forging
28:55 Iron Casting
28:46 Gold Mining
29:15 Hand Cart
35:37 Imperial Age
35:07 Bloodlines
35:07 Scale Barding Armor
34:52 Fletching
35:26 Ballistics
36:24 Cavalier
37:29 Chain Barding Armor
38:10 Blast Furnace
37:32 Town Patrol
37:57 Conscription
37:59 Crenellations
40:28 Chemistry
39:39 Masonry
39:40 Fortified Wall
39:07 Paladin
40:25 Plate Barding Armor
39:46 Bodkin Arrow
40:17 Fervor
40:46 Hoardings
41:34 Chain Mail Armor
41:20 Padded Archer Armor
41:48 Halberdier
43:27 Stone Mining
46:44 Leather Archer Armor
46:59 Plate Mail Armor
53:40 Siege Engineers
53:57 Bombard Tower
53:22 Arrowslits
53:29 Guard Tower
samchow100
10:32 Feudal Age
12:47 Loom
13:17 Loom
17:00 Castle Age
15:03 Horse Collar
16:31 Double-Bit Axe
17:13 Pikeman
19:14 Wheelbarrow
18:52 Bow Saw
18:45 Heavy Plow
19:13 Scale Mail Armor
27:33 Stone Mining
31:43 Imperial Age
29:49 Gold Mining
29:57 Fletching
30:13 Crossbowman
30:57 Padded Archer Armor
31:25 Bodkin Arrow
32:55 Hand Cart
33:35 Thumb Ring
35:01 Fortified Wall
35:56 Elite Skirmisher
36:52 Arbalester
37:36 Bracer
48:05 Imperial Skirmisher
acefelipe
10:09 Feudal Age
14:15 Castle Age
12:42 Double-Bit Axe
13:08 Horse Collar
18:19 Bloodlines
20:49 Scale Barding Armor
24:17 Bow Saw
24:34 Heavy Plow
27:41 Loom
28:28 Forging
29:47 Wheelbarrow
31:49 Imperial Age
31:28 Iron Casting
31:14 Chain Barding Armor
32:21 Husbandry
34:48 Cavalier
35:56 Gold Mining
41:15 Plate Barding Armor
43:21 Blast Furnace
43:02 Paladin
theoschuler
8:42 Feudal Age
9:52 Double-Bit Axe
17:28 Loom
17:30 Town Watch
17:28 Horse Collar
28:40 Castle Age
27:18 Padded Archer Armor
27:10 Fletching
29:31 Wheelbarrow
28:51 Gold Mining
30:08 Bodkin Arrow
29:58 Capped Ram
32:37 Ballistics
33:48 Gold Shaft Mining
33:25 Bow Saw
35:12 Leather Archer Armor
38:43 Imperial Age
37:07 Thumb Ring
40:46 Parthian Tactics
39:44 Heavy Cavalry Archer
42:07 Hand Cart
41:28 Elite Skirmisher
42:05 Pikeman
42:46 Squires
42:58 Forging
42:49 Scale Mail Armor
43:50 Murder Holes
44:00 Halberdier
45:55 Iron Casting
45:36 Chain Mail Armor
47:49 Blast Furnace
48:25 Plate Mail Armor
49:48 Ring Archer Armor
Connection lost

Rejoining the realm…

Still unreachable

The connection could not be restored.

Session expired

The server has moved on; the page needs a fresh start.